[Event "*** Titled Tuesday Blitz"]
[Site "Chess.com"]
[Date "2018.12.04"]
[Round "4"]
[White "gmjlh"]
[Black "BocharovD"]
[Result "1-0"]
[WhiteElo "2692"]
[BlackElo "2723"]
[TimeControl "180+2"]
[EndTime "13:50:15 PST"]
[Termination "gmjlh won on time"]

1. d4 Nf6 2. c4 e6 3. Nf3 Nc6 4. e3 Bb4+ 5. Bd2 Bxd2+ 6. Qxd2 d6 7. b4 O-O 8. b5 Ne7 9. Nc3 a6 10. Bd3 axb5 11. cxb5 b6 12. O-O Bb7 13. e4 Ra3 14. Qb2 Qa8 15. Nd2 Ng6 16. g3 e5 17. d5 Nd7 18. Nc4 Ra7 19. a4 Nc5 20. Bc2 f5 21. exf5 Ne7 22. a5 bxa5 23. b6 cxb6 24. Nxd6 Qd8 25.
Ncb5 Bxd5 26. Nxa7 Qxd6 27. Rad1 e4 28. Nb5 Qd7 29. Nc3 Qxf5 30. Nxd5 Nxd5 31. Bb3 Rd8 32.
Rxd5 Rxd5 33. Rd1 Nd3 34. Qd4 Kf8 35. Bxd5 Ne5 36. Bxe4 1-0

[Event "*** Titled Tuesday Blitz"]
[Site "Chess.com"]
[Date "2018.12.04"]
[Round "4"]
[White "realcontender"]
[Black "FearNoEvil12"]
[Result "1/2-1/2"]
[WhiteElo "2110"]
[BlackElo "1979"]
[TimeControl "180+2"]
[EndTime "13:50:17 PST"]
[Termination "Game drawn - insufficient material"]

1. d4 b5 2. a4 b4 3. Nf3 Bb7 4. a5 Nf6 5. Bf4 e6 6. e3 a6 7.
Bd3 d6 8. O-O Nbd7 9. Nbd2 h6 10. Ra4 g5 11. Bg3 Rg8 12. Rxb4 Rb8 13. c3 h5 14. Qb3 Bxf3 15. Nxf3 h4 16. Nxh4 gxh4 17. Bxh4 Be7 18. Bxa6 Rxb4 19. Qxb4 Nd5 20. Bxe7 Nxb4 21.
Bxd8 Nxa6 22. Bh4 c5 23. Bg3 Ke7 24. Rb1 c4 25. b4 cxb3 26. Rxb3 Rb8 27. Rxb8 Ndxb8 28. c4 Nc6 29. c5 dxc5 30. dxc5 Nxc5 31. Bc7 Kd7 32. Bb6 Na4 33. h4 Nxb6 34. axb6 Ne7 35.
h5 Ng8 36. g4 Kc6 37. g5 Kxb6 38. h6 Ne7 39. f4 Ng6 40. h7 Kc5 41. Kf2 Kd6 42. Kf3 Ke7 43. e4 Kf8 44. f5 Nh8 45. Kg4 Kg7 46. fxe6 fxe6 47. Kf4 Kxh7 48. Ke5 Kg6 49.
Kxe6 Kxg5 50. e5 Ng6 51. Kd6 Nxe5 1/2-1/2

[Event "*** Titled Tuesday Blitz"]
[Site "Chess.com"]
[Date "2018.12.04"]
[Round "4"]
[White "bascheyaro"]
[Black "dreamist"]
[Result "1-0"]
[WhiteElo "2786"]
[BlackElo "2635"]
[TimeControl "180+2"]
[EndTime "13:50:20 PST"]
[Termination "bascheyaro won by resignation"]

1. d4 Nf6 2. Nf3 g6 3. c4 Bg7 4. Nc3 d5 5. Bf4 O-O 6. c5 Ne4 7. e3 b6 8. cxb6 axb6 9. Nxe4 dxe4 10. Nd2 c5 11. dxc5 Bxb2 12. cxb6 Qxb6 13. Rb1 Rxa2 14. Bc4 Ra8 15. Be5 Qa5 16. Bxb2 Rd8 17. Ra1 Qb4 18. Rxa8 Qxb2 19. O-O Nc6 20. Qc1 Qb7 21. Rxc8 Qxc8 22. Bb5 Ne5 23. Qxc8 Rxc8 24. Nxe4 f5 25. Ng5 Kg7 26.
Rd1 h6 27. Nf3 Nf7 28. h3 Nd6 29. Bf1 Kf6 30. g3 Rc2 31. Nd4 Rb2 32. Bg2 Kf7 33. Bd5+ Kf6 34. h4 Kg7 35. Ne6+ Kf6 36. Nf4 g5 37.
hxg5+ hxg5 38. Nd3 Rc2 39. Bf3 g4 40. Bg2 Ra2 41. Nb4 Rb2 42. Nd5+ Kf7 43. Nf4 Kf6 44. Rc1 Rd2 45. Bc6 e5 46. Nd5+ Kg5 47. Nc3 Rb2 48. Rd1 Nc4 49. Bd5 Nd2 50. Kg2 Rc2 51. Nb1 Ne4 52. Bxe4 fxe4 53. Nd2 Kf5 54. Nb3 Rc3 55. Na5 Rc5 56. Nb7 Rc6 57. Nd6+ Rxd6 1-0

[Event "*** Titled Tuesday Blitz"]
[Site "Chess.com"]
[Date "2018.12.04"]
[Round "4"]
[White "MerdeNoms943"]
[Black "LuisFSiles"]
[Result "1-0"]
[WhiteElo "2316"]
[BlackElo "2230"]
[TimeControl "180+2"]
[EndTime "13:50:23 PST"]
[Termination "MerdeNoms943 won on time"]

1. e4 e5 2. Nf3 Nc6 3. Bc4 Nf6 4. d3 h6 5. O-O d6 6. c3 g6 7. d4 Qe7 8. Re1 Bg7 9. Nbd2 O-O 10. h3 Nh5 11. Nf1 Qf6 12. Ne3 Nf4 13. Nd5 Nxd5 14.
exd5 Na5 15. dxe5 dxe5 16. Bd3 b6 17. Nxe5 Qd6 18. Bf4 Qxd5 19. Qe2 Bb7 20. Nf3 c5 21. b4 cxb4 22. cxb4 Nc6 23. Be4 Qh5 24. Rac1 Rfe8 25.
Qc4 Rac8 26. Qb3 Rxe4 27. Rxe4 Qf5 28. Rce1 Na5 29. Re8+ Rxe8 30. Rxe8+ Kh7 31. bxa5 Qxf4 32. Re1 g5 33. Qe3 Qc7 34. Qd3+ Kg8 35. Qf5 Qc3 36.
Re8+ Bf8 37. Ne5 Qc1+ 38. Kh2 Qc7 39. f4 Kg7 40. Nd7 1-0

[Event "*** Titled Tuesday Blitz"]
[Site "Chess.com"]
[Date "2018.12.04"]
[Round "4"]
[White "baki83"]
[Black "GMWSO"]
[Result "1-0"]
[WhiteElo "2527"]
[BlackElo "2965"]
[TimeControl "180+2"]
[EndTime "13:50:24 PST"]
[Termination "baki83 won by resignation"]

1. e4 c5 2. Nf3 d6 3. Bb5+ Nd7 4.
O-O a6 5. Bd3 Ngf6 6. Re1 b5 7.
c4 b4 8. a3 bxa3 9. Rxa3 Bb7 10. Nc3 g6 11. Bc2 Bg7 12. d4 cxd4 13. Nxd4 O-O 14. Nf3 a5 15. h3 Nc5 16. Nd5 Re8 17. h4 e6 18. Nxf6+ Bxf6 19. Bg5 Bxg5 20. hxg5 Qb6 21. Qc1 Bc6 22. Nh2 Reb8 23. b3 e5 24. Ng4 Ne6 25. Re3 Nxg5 26. Rg3 Ne6 27. Qh6 Qd8 28. Rf3 Nf8 29. Nf6+ Kh8 30. g4 Bd7 31. g5 Rb4 32. Kg2 Qc8 33. Ra1 Bg4 34. Rg3 Bh5 35. Rh1 Qe6 36. Rgh3 a4 37. Rxh5 gxh5 38. Rxh5 1-0

[Event "*** Titled Tuesday Blitz"]
[Site "Chess.com"]
[Date "2018.12.04"]
[Round "4"]
[White "M1711"]
[Black "StanislavNovikov"]
[Result "1/2-1/2"]
[WhiteElo "2472"]
[BlackElo "2457"]
[TimeControl "180+2"]
[EndTime "13:50:26 PST"]
[Termination "Game drawn by repetition"]

1. d4 g6 2. Nf3 Bg7 3. c4 d6 4.
Nc3 Bg4 5. e4 Nc6 6. Be3 e5 7.
d5 Nd4 8. Be2 Bxf3 9. gxf3 c5 10. dxc6 bxc6 11. Qd2 Ne7 12. h4 h5 13. f4 Rb8 14. O-O-O Qa5 15. fxe5 dxe5 16. f4 O-O 17. fxe5 Nxe2+ 18. Qxe2 Bxe5 19. Bd4 Bxd4 20. Rxd4 Qe5 21. Qd2 Kg7 22. Rg1 Ng8 23. Rd6 Nf6 24. Rg5 Qe7 25.
e5 Ng4 26. Rgxg6+ fxg6 27. Rd7 Rb7 28. Rxe7+ Rxe7 29. Qd6 Rxe5 30. Kc2 c5 31. Nd5 Rf3 32. Qc7+ Kh6 33. Qd8 Kg7 34. Qc7+ Kh6 35. Qd8 Kg7 36. Qc7+ Kh6 37. Qd8 Kg7 38. Qc7+ Kh6 1/2-1/2

[Event "*** Titled Tuesday Blitz"]
[Site "Chess.com"]
[Date "2018.12.04"]
[Round "4"]
[White "Gabrielian_Artur"]
[Black "Yeytruyol"]
[Result "1-0"]
[WhiteElo "2710"]
[BlackElo "2464"]
[TimeControl "180+2"]
[EndTime "13:50:27 PST"]
[Termination "Gabrielian_Artur won by resignation"]

1. e4 c5 2. Nc3 Nc6 3. Bb5 Nd4 4. Bc4 e6 5. Nf3 g6 6. Nxd4 cxd4 7. Ne2 d5 8. exd5 exd5 9. Bb5+ Bd7 10. Bxd7+ Qxd7 11. Nxd4 Bg7 12. Nf3 Ne7 13. O-O O-O 14. d4 Rac8 15. c3 Rfe8 16. h3 b5 17. Bf4 Nf5 18. Ne5 Qb7 19. Nd3 b4 20. Nxb4 Nxd4 21. Be3 Rc4 22. a3 Nf5 23. Re1 Rd8 24. Qf3 Re4 25. Rad1 Nxe3 26. Rxe3 f5 27. Red3 d4 28. cxd4 a5 29. Nc2 Qxb2 30. Ne3 Rexd4 31. Rxd4 Rxd4 32. Qa8+ Bf8 33. Rxd4 Qxd4 34. Qxa5 Qa1+ 35. Kh2 Qxa3 36. Qd5+ Kg7 37.
Nc4 Qa7 38. f4 Qe7 39. Ne5 Qf6 40. Qb7+ Kg8 41. Qb3+ Kg7 42. Qd5 Be7 43. g3 Kh6 44. h4 Kg7 45. Kh3 h5 46. Nc6 Bd6 47. Nd4 Be7 48.
Ne6+ Kh7 49. Ng5+ Kg7 50. Qd7 Kf8 51. Nh7+ 1-0

[Event "*** Titled Tuesday Blitz"]
[Site "Chess.com"]
[Date "2018.12.04"]
[Round "4"]
[White "MateusViageiro"]
[Black "AndrewMcStone"]
[Result "0-1"]
[WhiteElo "2183"]
[BlackElo "2134"]
[TimeControl "180+2"]
[EndTime "13:50:27 PST"]
[Termination "AndrewMcStone won by checkmate"]

1. e4 e6 2. d3 c5 3. Nd2 Nc6 4. Ngf3 g6 5. g3 Bg7 6. Bg2 Nge7 7. Kf1 d6 8. h4 h6 9. Bh3 O-O 10. Kg2 e5 11. Bxc8 Rxc8 12. Qe2 f5 13. h5 f4 14. hxg6 Nxg6 15. c3 Rc7 16. Nb3 Rcf7 17. g4 Qe7 18. Bd2 Nd8 19. Rag1 Ne6 20. Kf1 Ng5 21.
Rh5 b6 22. Rgh1 a5 23. Nxg5 hxg5 24. f3 Nh4 25. Be1 Bf6 26. Bxh4 gxh4 27. g5 Bxg5 28. Rg1 Rg7 29. Rg4 Kf7 30. Qg2 Rfg8 31. Nd2 Bf6 32. Rf5 Rxg4 33. fxg4 Rg5 34. Nf3 Rxf5 35. gxf5 Ke8 36. Qg4 Qg7 37. Qh5+ Ke7 38. Nxh4 Qg3 39. Ng6+ Kd7 40. Qh7+ Kc6 41. Ne7+ Bxe7 42. Qxe7 Qxd3+ 43. Kg1 Qg3+ 44. Kh1 f3 45. Qe8+ Kc7 46. Qe7+ Kc6 47. Qe8+ Kc7 48. Qe7+ Kb8 49. Qxd6+ Kb7 50. Qd2 f2 51. Qd5+ Ka7 52. Qd1 Qh3# 0-1

[Event "*** Titled Tuesday Blitz"]
[Site "Chess.com"]
[Date "2018.12.04"]
[Round "4"]
[White "robbykevlishvili"]
[Black "alpasya2009"]
[Result "1-0"]
[WhiteElo "2742"]
[BlackElo "2578"]
[TimeControl "180+2"]
[EndTime "13:50:30 PST"]
[Termination "robbykevlishvili won on time"]

1. e4 c5 2. Nf3 d6 3. d4 cxd4 4. Nxd4 Nf6 5. Nc3 a6 6. Rg1 e5 7. Nb3 Be6 8. g4 d5 9. exd5 Nxd5 10. Bg5 f6 11. Nxd5 Qxd5 12. Qxd5 Bxd5 13. Be3 Nc6 14. O-O-O Bf3 15. Rd2 Nb4 16. a3 Nd5 17. Bc5 Bxc5 18. Nxc5 b6 19. Rg3 bxc5 20. Rxf3 Nf4 21. Bc4 Ke7 22. Rb3 Rhb8 23. Rxb8 Rxb8 24. Bxa6 Rd8 25. Rxd8 Kxd8 26. b4 cxb4 27. axb4 Nh3 28. f3 Ng1 29. Bb7 g6 30. Be4 h6 31. Kb2 f5 32. gxf5 gxf5 33. Bxf5 Nxf3 34. h3 Ng5 35. Kc3 Kc7 36. Kc4 Kd6 37.
b5 Nf3 38. Kb4 Nd4 39. Bd3 Ne6 40. c4 Nc5 41. Bf5 e4 42. Kc3 e3 43. Bg4 Kc7 44. Kd4 Kb6 45. Kxe3 Nb3 46. Be6 Kc5 47. Kf4 Nd4 48.
Bd5 Ne2+ 49. Kg4 Ng1 50. Bf3 h5+ 51. Kg3 1-0

[Event "*** Titled Tuesday Blitz"]
[Site "Chess.com"]
[Date "2018.12.04"]
[Round "4"]
[White "MaestroASK"]
[Black "jocmil"]
[Result "1-0"]
[WhiteElo "2544"]
[BlackElo "2483"]
[TimeControl "180+2"]
[EndTime "13:50:30 PST"]
[Termination "MaestroASK won by resignation"]

1. g3 g6 2. d3 Bg7 3. Bg2 Nf6 4. Nh3 O-O 5. e4 d5 6. f3 dxe4 7. dxe4 Qxd1+ 8. Kxd1 Rd8+ 9. Nd2 Nc6 10. c3 Bxh3 11.
Bxh3 Ne5 12. Ke2 Bh6 13. f4 Nd3 14. e5 Nxc1+ 15. Rhxc1 Nd5 16. Rf1 f5 17. Bg2 c6 18.
Rad1 Nb6 19. b3 a5 20. Nf3 Kf7 21. Nd4 a4 22. b4 Nd5 23. Bxd5+ Rxd5 24. c4 Rdd8 25.
Nc2 Ke6 26. Rd4 g5 27. Rxd8 Rxd8 28. Ke3 gxf4+ 29. gxf4 Kf7 30. Nd4 e6 31. Nf3 Rg8 32. Rf2 a3 33. Nd2 Rg1 34. Nb3 Re1+ 35. Kd3 Re4 36.
Nc5 Rxf4 37. Re2 Bf8 38. Nxb7 Bxb4 39. Nd8+ Ke8 40. Nxe6 Rf3+ 41. Kd4 Ke7 42. Nc7 Rf4+ 43. Kd3 Rf3+ 44. Kd4 Kd7 45. Na6 c5+ 46. Nxc5+ Kc6 47. Nd3 Be7 48. c5 h5 49. Kc4 h4 50. e6 Bxc5 51.
Ne5+ 1-0

[Event "*** Titled Tuesday Blitz"]
[Site "Chess.com"]
[Date "2018.12.04"]
[Round "4"]
[White "TheRigos"]
[Black "TheMagician"]
[Result "1-0"]
[WhiteElo "2414"]
[BlackElo "2257"]
[TimeControl "180+2"]
[EndTime "13:50:32 PST"]
[Termination "TheRigos won by resignation"]

1. e4 d5 2. exd5 Qxd5 3. Nc3 Qa5 4.
d4 Nf6 5. Bc4 Bg4 6. f3 Be6 7.
Bxe6 fxe6 8. Ne2 Nc6 9. O-O O-O-O 10. f4 e5 11. fxe5 Nd7 12. Bd2 Qa6 13. Qe1 e6 14.
Rd1 Nb4 15. Rc1 Nb6 16. a3 Nc6 17. Bg5 Rd7 18. Rd1 h6 19. Bc1 g5 20. Ne4 Be7 21. c3 Qb5 22. N2g3 Rhd8 23. Nh5 Nxe5 24. Nhf6 Nec4 25.
Nxd7 Qxd7 26. b3 Na5 27. Nc5 Bxc5 28. dxc5 Qxd1 29. Qxd1 Rxd1 30. Rxd1 Nd7 31. b4 Nc4 32.
Rf1 b5 33. Rf7 c6 34. Rh7 Nde5 35. Rxh6 Kd7 36. Bxg5 Nxa3 37. Rh7+ Kc8 38. Rxa7 Nb1 39. h4 Ng4 40. h5 Nxc3 41. h6 Nxh6 42. Bxh6 Nd5 43.
Bd2 e5 44. Kf2 e4 45. g4 e3+ 46. Bxe3 Nxb4 47. g5 Nd3+ 48. Ke2 Ne5 49. Re7 Ng6 50. Re6 Nh4 51. Rxc6+ Kd7 52. Rb6 b4 53. Rxb4 Nf5 54. Rf4 Ne7 55. Rf7 Ke6 56. Rxe7+ Kxe7 57. Kf3 Ke6 58.
Ke4 Kf7 59. Ke5 Kg6 60. Ke6 Kh5 61. c6 Kg4 62. c7 Kf3 63. c8=Q Ke2 1-0

[Event "*** Titled Tuesday Blitz"]
[Site "Chess.com"]
[Date "2018.12.04"]
[Round "4"]
[White "AkibaRubi"]
[Black "DenisQ"]
[Result "0-1"]
[WhiteElo "2559"]
[BlackElo "2606"]
[TimeControl "180+2"]
[EndTime "13:50:34 PST"]
[Termination "DenisQ won by resignation"]

1. d4 d5 2. Nf3 c6 3. Bf4 Nf6 4.
e3 Bg4 5. c4 e6 6. Nc3 Nbd7 7.
Bd3 Qb6 8. O-O Qxb2 9. Na4 Qa3 10. Rb1 Bxf3 11. gxf3 b6 12. e4 dxc4 13. Bc2 b5 14.
Bc1 Qe7 15. Nc3 Nb6 16. d5 cxd5 17. Nxb5 Qd7 18. Bf4 Rc8 19. Nd4 Bc5 20. Rxb6 O-O 21. Rb1 dxe4 22. Nb5 Qxd1 23. Bxd1 Rfd8 24. Nc3 exf3 25.
Bxf3 Rd3 26. Bb7 Rcd8 27. Na4 Bd4 28. Ba6 Ra3 29. Bxc4 Rxa4 30. Bb3 Rb4 31. Rfd1 Bxf2+ 32. Kxf2 Rxf4+ 33. Kg3 Rg4+ 34. Kf3 Rxd1 35. Rxd1 g5 36. Rd8+ Kg7 37. Ra8 Rf4+ 38. Kg2 g4 39. Rxa7 Kg6 40.
Bc2+ Ne4 41. Ra4 f5 42. Bxe4 fxe4 43. Kg3 Kf5 44. Ra5+ e5 45. Ra7 Rf3+ 46. Kg2 h5 47. a4 h4 48. a5 h3+ 49. Kg1 Ra3 50. a6 Kf4 51. Kf2 Ra2+ 52. Kf1 Rxh2 53. Rf7+ Kg3 54.
a7 Ra2 55. Ke1 h2 56. Rh7 Rxa7 0-1

[Event "*** Titled Tuesday Blitz"]
[Site "Chess.com"]
[Date "2018.12.04"]
[Round "4"]
[White "ajkom197"]
[Black "MFguimaraes"]
[Result "1-0"]
[WhiteElo "2394"]
[BlackElo "2354"]
[TimeControl "180+2"]
[EndTime "13:50:41 PST"]
[Termination "ajkom197 won by resignation"]

1. d4 d5 2. Nf3 Nf6 3. g3 e6 4. Bg2 Be7 5. O-O O-O 6. b3 a5 7. c4 a4 8. Bb2 Ne4 9. Nfd2 a3 10. Bc3 Nxc3 11. Nxc3 Bb4 12. Rc1 dxc4 13. Nxc4 Nc6 14. e3 Bd7 15. Ne4 Na5 16. Ne5 c6 17. Nc5 Bc8 18.
Ncd3 Bd6 19. b4 Bxe5 20. Nxe5 f6 21. Nd3 Qb6 22. bxa5 Rxa5 23. Nc5 Re8 24. Rb1 Rb5 25. Rxb5 Qxb5 26. Qb3 Qxb3 27. Nxb3 e5 28. Rc1 Be6 29. Nc5 Bxa2 30. Nxb7 exd4 31. Bxc6 Re7 32. Ra1 dxe3 33.
fxe3 Be6 34. Rxa3 Kf7 35. Kf2 Kg6 36. Bf3 h5 37. Rc3 Bf5 38. Nd6 Bh3 39. Rc5 Ra7 40.
Bxh5+ Kh7 41. Rc2 Ra5 42. Be2 Rd5 43. Nc4 Rf5+ 44. Kg1 Rc5 45. Bd3+ g6 46. e4 Be6 47. Kf2 Kh6 48. Ke3 Rh5 49. h4 g5 50. hxg5+ Kxg5 51. Rf2 Rh3 52. Rg2 Bg4 53. Nd2 Kh6 54. Nf3 Kg7 55.
Kf4 Bxf3 56. Kxf3 Rh1 57. Rf2 Rg1 58. Rf1 Rxf1+ 59. Bxf1 Kg6 60. Bh3 Kg5 61. Bf5 Kh6 62. g4 Kg5 63. Ke3 Kh4 64. Kd3 Kg5 65. Kc4 1-0

[Event "*** Titled Tuesday Blitz"]
[Site "Chess.com"]
[Date "2018.12.04"]
[Round "4"]
[White "LyonBeast"]
[Black "PchelkinVK"]
[Result "1-0"]
[WhiteElo "2922"]
[BlackElo "2583"]
[TimeControl "180+2"]
[EndTime "13:50:42 PST"]
[Termination "LyonBeast won on time"]

1. e4 e6 2. d4 d5 3. Nc3 Nf6 4.
e5 Nfd7 5. f4 c5 6. Nf3 Nc6 7.
Be3 cxd4 8. Nxd4 Bc5 9. Qd2 O-O 10. O-O-O a6 11. h4 Qc7 12. h5 b5 13. Nxc6 Qxc6 14. Ne2 Qb6 15. Nd4 a5 16. h6 g6 17. Rh3 Ba6 18.
Nb3 Rfc8 19. Nxc5 Nxc5 20. f5 b4 21. fxg6 fxg6 22. Bxa6 Qxa6 23. Bxc5 Rxc5 24. Rf3 Rac8 25. Rdf1 Qc4 26. c3 bxc3 27. bxc3 Qe4 28. Kb2 Rb8+ 29.
Ka1 Rcb5 30. Qc1 a4 31. Re1 Qg4 32. Qf4 Qxf4 33. Rxf4 Rc5 34. Rf3 a3 35. Ref1 Rbc8 36. c4 Rxc4 37. Rxa3 Re4 38. Ra7 Rxe5 39. Rg7+ Kh8 40.
Rff7 Re1+ 41. Kb2 Re2+ 42. Kb3 Rxg2 43. Rxh7+ Kg8 44. Rfg7+ 1-0

[Event "*** Titled Tuesday Blitz"]
[Site "Chess.com"]
[Date "2018.12.04"]
[Round "4"]
[White "Firouzja2003"]
[Black "amintabatabaei"]
[Result "1-0"]
[WhiteElo "3014"]
[BlackElo "2720"]
[TimeControl "180+2"]
[EndTime "13:50:47 PST"]
[Termination "Firouzja2003 won by resignation"]

1. e4 e5 2. Nf3 Nc6 3. Bb5 Nf6 4. d3 d6 5. c3 Bd7 6. O-O g6 7. h3 Bg7 8. Be3 O-O 9. Nbd2 Nh5 10. d4 Qe8 11.
dxe5 Nxe5 12. Bxd7 Qxd7 13. Nxe5 dxe5 14. Nf3 Qe7 15. Qb3 c6 16. Rad1 Nf4 17. Bxf4 exf4 18. e5 Rfd8 19. Qc4 g5 20. Rfe1 h6 21. a4 Qe6 22. Qb4 b6 23. Nd4 Qd5 24. Nf5 Qxd1 25. Rxd1 Rxd1+ 26. Kh2 Re8 27. Ne7+ Kh8 28. Nxc6 Re6 29.
Qc4 Kg8 30. f3 Rd2 31. Qe4 Rxb2 32. Qd5 a5 33. Qd8+ Kh7 34. Ne7 Rxe7 35. Qxe7 Re2 36. Qxf7 Rxe5 37. Qb7 Re6 38. Qd5 Rf6 39. c4 Bf8 40. h4 gxh4 41. Kh3 Bc5 42. Kxh4 Kg7 43. Kh5 Be3 44. Qd7+ Kg8 45. g4 Bc5 46. Qe8+ Kg7 47. g5 hxg5 48. Kxg5 Bd6 49. Qd7+ 1-0

[Event "*** Titled Tuesday Blitz"]
[Site "Chess.com"]
[Date "2018.12.04"]
[Round "4"]
[White "David_Klein"]
[Black "OparinGrigoriy"]
[Result "1/2-1/2"]
[WhiteElo "2600"]
[BlackElo "2949"]
[TimeControl "180+2"]
[EndTime "13:50:48 PST"]
[Termination "Game drawn by repetition"]

1. b3 Nf6 2. Bb2 d5 3. e3 Bf5 4. Nf3 e6 5. c4 c6 6. Be2 h6 7.
Nc3 Nbd7 8. O-O Bd6 9. d4 Qe7 10. Bd3 O-O 11. Bxf5 exf5 12. cxd5 cxd5 13. Nb5 Rfc8 14.
Rc1 a6 15. Nxd6 Qxd6 16. Qd3 Ne4 17. Rc2 f4 18. exf4 Qxf4 19. Rfc1 Rxc2 20. Qxc2 Ng5 21. Nxg5 Qxg5 22. Qc7 Re8 23. h3 Nf6 24. Rd1 Re2 25.
Qc8+ Kh7 26. Bc1 Qh5 27. Rf1 Ne4 28. Be3 Nd6 29. Qd7 Qg6 30. Bf4 Ne4 31. Qxd5 b5 32. a4 bxa4 33. bxa4 Nc3 34. Qf3 Rc2 35. Be3 Nxa4 36.
d5 Nc3 37. Ra1 Rb2 38. Kh1 Rb5 39. d6 Qxd6 40. Qxf7 Ne4 41. Qc4 Nf6 42. Qc2+ Kg8 43. Qc8+ Kf7 44. Rc1 Kg6 45. Qc2+ Kf7 46. Qc8 Kg6 47.
Qc2+ Kf7 48. Qc8 1/2-1/2

[Event "*** Titled Tuesday Blitz"]
[Site "Chess.com"]
[Date "2018.12.04"]
[Round "4"]
[White "Gr3egor"]
[Black "MikaelyanArman"]
[Result "1-0"]
[WhiteElo "2509"]
[BlackElo "2759"]
[TimeControl "180+2"]
[EndTime "13:50:51 PST"]
[Termination "Gr3egor won on time"]

1. d4 Nf6 2. c4 c6 3. Nf3 d5 4. e3 e6 5. Nbd2 c5 6. dxc5 Bxc5 7. a3 O-O 8. b4 Be7 9. Bb2 a5 10. Qb3 axb4 11. axb4 Rxa1+ 12. Bxa1 Na6 13. c5 b6 14. Qa4 Nb8 15. c6 Ne4 16. Bb5 Bf6 17. Bxf6 Nxf6 18. O-O Ne8 19. Nb3 Nd6 20. Nbd4 Qc7 21. Rc1 f6 22.
Bd3 e5 23. Nb5 Nxb5 24. Bxb5 Bd7 25. Rc2 Bf5 26. Rd2 Rd8 27. Qb3 Be6 28. e4 Nxc6 29.
exd5 Nd4 30. Nxd4 Bxd5 31. Ne6 Bxb3 32. Rxd8+ Qxd8 33. Nxd8 Kf8 34. Bc6 Ke7 35. Nb7 Bc4 36. f3 Ke6 37. Kf2 g5 38. Ke3 f5 39. g3 f4+ 40.
Kf2 Bd3 41. h4 fxg3+ 42. Kxg3 gxh4+ 43. Kxh4 Kf5 44. Nd6+ Kf4 45. Nc8 b5 46. Nd6 Ke3 47.
Nxb5 1-0

[Event "*** Titled Tuesday Blitz"]
[Site "Chess.com"]
[Date "2018.12.04"]
[Round "4"]
[White "StoreySniper"]
[Black "DawidCzerw"]
[Result "1-0"]
[WhiteElo "2408"]
[BlackElo "2245"]
[TimeControl "180+2"]
[EndTime "13:50:55 PST"]
[Termination "StoreySniper won by resignation"]

1. g3 c5 2. Bg2 Nc6 3. c4 g6 4. Nc3 Bg7 5. d3 e5 6. h4 h5 7. Nd5 d6 8. Nf3 Be6 9. Ng5 Bc8 10. Qa4 f6 11. Ne4 Nh6 12. Bxh6 Rxh6 13. Ndxf6+ Bxf6 14.
Nxf6+ Qxf6 15. Bxc6+ Ke7 16. Bf3 g5 17. hxg5 Qxg5 18.
Qa5 Kd7 19. Qd2 Qg6 20. O-O-O Kc7 21. Rh4 Be6 22. Rdh1 Rah8 23. Qe3 Bf5 24. Kd2 R6h7 25. a3 Bg4 26. Qe4 Qg5+ 27. Qe3 Qg6 28. Be4 Bf5 29.
Bd5 Qf6 30. Bf3 Qg6 31. b4 b6 32. b5 Bg4 33. Be4 Bf5 34. Bg2 Qf6 35. Be4 Bxe4 36. Qxe4 Kb8 37. Qf3 Qxf3 38. exf3 Rf8 39. Rxh5 Rhf7 40.
f4 exf4 41. g4 f3 42. Rh8 Kc7 43. Rxf8 Rxf8 44. Ke3 Kd7 45. Rh7+ Ke6 46. Rxa7 Kf6 47. Kxf3 Ke5+ 48. Ke3 Rh8 49. Re7+ Kf6 50. Rb7 Rh3+ 51.
f3 Rh2 52. Rxb6 1-0

[Event "*** Titled Tuesday Blitz"]
[Site "Chess.com"]
[Date "2018.12.04"]
[Round "4"]
[White "Orest_Vovk"]
[Black "Anar_Aliakbarov"]
[Result "1-0"]
[WhiteElo "2416"]
[BlackElo "2562"]
[TimeControl "180+2"]
[EndTime "13:50:56 PST"]
[Termination "Orest_Vovk won by resignation"]

1. g4 d5 2. h3 c5 3. Bg2 Nc6 4. c4 dxc4 5. Bxc6+ bxc6 6. Qa4 Qd5 7. Nf3 Nf6 8. Nc3 Qd6 9. Qxc4 e5 10. d3 Be6 11.
Qa4 h6 12. g5 hxg5 13. Bxg5 Nd5 14. Ne4 Qc7 15. Nxe5 f6 16. Ng6 Rxh3 17. Rxh3 Bxh3 18. Nxf8 Kxf8 19. Bd2 Rb8 20. O-O-O Nb6 21. Qa3 Nd7 22.
Nxc5 Nxc5 23. Qxc5+ Kf7 24. Be3 Be6 25. Qxa7 Qxa7 26.
Bxa7 Rb7 27. Bc5 Bxa2 28. Rh1 Bd5 29. Rh8 Rb5 30. Ba3 Rb7 31. Kd2 Rd7 32. Bc5 Kg6 33. b4 Rc7 34. e4 Be6 35. f4 f5 36. Ke3 Rc8 37. Rh1 Kf7 38. Bd4 Rb8 39. Bc3 Kg8 40. Rg1 Rb7 41. Rg6 Re7 42. Be5 fxe4 43. dxe4 Bd7 44.
Kd4 Be8 45. Rg1 Rb7 46. Kc5 Kf8 47. Bc3 g6 48. Rh1 Re7 49. Be5 Rb7 50. Kd6 Rxb4 51. Ke6 Bf7+ 52. Kf6 Rxe4 53. Rh8+ Bg8 54. Bd6+ Ke8 55.
Rxg8+ Kd7 56. Be5 1-0

[Event "*** Titled Tuesday Blitz"]
[Site "Chess.com"]
[Date "2018.12.04"]
[Round "4"]
[White "nailbeshirli"]
[Black "Korchmar_Vasiliy"]
[Result "1/2-1/2"]
[WhiteElo "2595"]
[BlackElo "2739"]
[TimeControl "180+2"]
[EndTime "13:50:57 PST"]
[Termination "Game drawn by agreement"]

1. e4 c5 2. Nf3 d6 3. Nc3 Nc6 4.
Bc4 g6 5. O-O Bg7 6. d3 e6 7. a3 Nge7 8. Bf4 a6 9. Qc1 h6 10. Ba2 b5 11. h3 Bb7 12. Ne2 g5 13. Be3 Ng6 14. Ng3 Nce5 15. Nxe5 Bxe5 16. Nh5 Rc8 17. c3 d5 18. exd5 Bxd5 19. Bxd5 Qxd5 20. f4 gxf4 21. Nxf4 Bxf4 22. Bxf4 Rg8 23. Rf2 Nh4 24.
Qc2 Rg6 25. a4 b4 26. cxb4 Qd4 27. g3 Nf5 28. Kh2 Qxb4 29. Qe2 Kf8 30. Raf1 Kg8 31. Be5 Qxa4 32. g4 Nd4 33. Qe4 Qc6 34. Rxf7 Qxe4 35.
dxe4 Rg5 36. Bg3 h5 37. gxh5 Rxh5 38. R7f6 c4 39. Rg1 Ne2 40. Rg2 Nxg3 41. Rxg3+ Kh8 42. Rxe6 Rb8 43. Rc6 Rxb2+ 44. Kg1 Rc2 45. Rxa6 Rh4 46. Re3 Kg7 47. e5 Rd4 48. Rd6 Rxd6 49. exd6 Rd2 50. Rc3 Rxd6 51. Rxc4 Rd2 1/2-1/2

[Event "*** Titled Tuesday Blitz"]
[Site "Chess.com"]
[Date "2018.12.04"]
[Round "4"]
[White "schoolmeester"]
[Black "kasparik_garik"]
[Result "1-0"]
[WhiteElo "2749"]
[BlackElo "2503"]
[TimeControl "180+2"]
[EndTime "13:50:58 PST"]
[Termination "schoolmeester won on time"]

1. e4 e6 2. Qe2 c5 3. Nf3 Nc6 4.
c3 Nf6 5. g3 d5 6. e5 Nd7 7. d4 a5 8. a4 b6 9. Na3 cxd4 10. cxd4 Bxa3 11. Rxa3 Ba6 12. Qd1 Bxf1 13. Kxf1 O-O 14. Kg2 Qe7 15. Rc3 Rfc8 16. Bg5 Qe8 17. Qc2 Nb4 18. Qe2 Nf8 19. Rhc1 Na2 20. Rxc8 Rxc8 21.
Rxc8 Qxc8 22. Qb5 h6 23. Bd2 Nd7 24. b3 Qc7 25. Ng1 Nf8 26. Qd3 Ng6 27. Ne2 Ne7 28. Qb1 Nb4 29. Bxb4 axb4 30. Qd3 Nf5 31. Qd2 h5 32. h3 Qc6 33. g4 hxg4 34. hxg4 Nh4+ 35. Kg3 Ng6 36. f3 f6 37. f4 Ne7 38. Kf2 fxe5 39. fxe5 Ng6 40. Ke3 Nh4 41. Kd3 Qc7 42. Qxb4 Nf3 43. Qc3 Qf7 44. Ke3 Ng5 45. Qc8+ Kh7 46.
Nf4 b5 47. a5 Qa7 48. b4 1-0

[Event "*** Titled Tuesday Blitz"]
[Site "Chess.com"]
[Date "2018.12.04"]
[Round "4"]
[White "MatyChess1"]
[Black "VeraNebolsina"]
[Result "1-0"]
[WhiteElo "2535"]
[BlackElo "2363"]
[TimeControl "180+2"]
[EndTime "13:51:02 PST"]
[Termination "MatyChess1 won by checkmate"]

1. e4 c5 2. Nf3 d6 3. Bc4 Nf6 4.
e5 dxe5 5. Nxe5 e6 6. Qe2 Bd6 7.
O-O O-O 8. b3 Bxe5 9. Qxe5 Nc6 10.
Qxc5 e5 11. Ba3 Re8 12. Nc3 Bf5 13. d3 Nd4 14. Rac1 a6 15. Rfe1 b5 16. Rxe5 Rxe5 17. Qxe5 bxc4 18. bxc4 Qd7 19. Bc5 Nc6 20. Qf4 Re8 21.
h3 h6 22. Rb1 Re5 23. Be3 Nh5 24. Qf3 Bg6 25. Nd5 Re8 26. g4 Ne5 27. Qg2 Nf6 28. Nxf6+ gxf6 29. Bxh6 Kh7 30. Be3 Kg7 31. Rb6 Rh8 32. Qg3 Qd8 33. g5 Nd7 34. Rd6 Qe7 35. Bd4 Qe1+ 36. Kg2 Bf5 37. h4 Kf8 38. Rxa6 Rg8 39.
Ra8+ Kg7 40. gxf6+ Kh7 41. Qxg8+ Kh6 42. Qg7+ Kh5 43. Qg5# 1-0

[Event "*** Titled Tuesday Blitz"]
[Site "Chess.com"]
[Date "2018.12.04"]
[Round "4"]
[White "Tjktiger"]
[Black "GrigorGrigorov"]
[Result "1-0"]
[WhiteElo "2679"]
[BlackElo "2798"]
[TimeControl "180+2"]
[EndTime "13:51:04 PST"]
[Termination "Tjktiger won by resignation"]

1. c4 Nf6 2. Nc3 c5 3. Nf3 e6 4. e3 d5 5. d4 a6 6. a3 dxc4 7.
Bxc4 b5 8. Ba2 Bb7 9. O-O Nbd7 10. Qe2 Be7 11. dxc5 Nxc5 12. Rd1 Qb6 13. b4 Ncd7 14.
e4 Rc8 15. Be3 Qc7 16. Rac1 Qb8 17. Bg5 Nb6 18. Nxb5 Rxc1 19. Bxc1 axb5 20. Qxb5+ Nbd7 21. Bg5 Bxe4 22. Qe2 Qb7 23. Nd4 O-O 24. Nxe6 fxe6 25. Bxe6+ Kh8 26. f3 Bd5 27. Bxd5 Nxd5 28. Bxe7 Re8 29.
Qd3 Rxe7 30. Qxd5 Qa7+ 31. Kh1 Nf6 32. Qd8+ Re8 33. Qd3 h6 34. b5 Qf2 35. Qf1 Qb2 36.
Rb1 Qxa3 37. b6 Nd5 38. b7 Rb8 39. Qc4 Ne3 40. Qc8+ Kh7 41. Qxb8 Qa2 42. Rg1 Qf2 43. Qg3 1-0